AoeStats
← FGHJ

African Clearing

504842801Analyzed
2v2 RM · 26d ago on Sep 6, 2026· 47m 35s· 4 players
Game mode
Random Map
Map size
Medium (4 player)
Population
200
Speed
Normal
Resources
Standard
Victory
Conquest
Starting age
Dark Age
Ending age
Imperial Age
RankedLock teamsTeams togetherTeam positionsShared explorationLock speedFull tech treeHidden civsTurbo modeCheats
Victory
Defeat
🇳🇱 Mongols · Netherlands
1214
+8
🇵🇪 Magyars · Peru
865
+54
🇩🇪 Berbers · Germany
1003
-14
🇬🇧 Ethiopians · United Kingdom
1002
-14
Lulyatt
8:58 Loom
9:52 Loom
12:53 Feudal Age
13:29 Double-Bit Axe
18:20 Fletching
19:05 Padded Archer Armor
21:15 Gold Mining
21:44 Scale Mail Armor
25:16 Castle Age
26:08 Bodkin Arrow
26:33 Bow Saw
26:32 Crossbowman
28:42 Wheelbarrow
31:05 Ballistics
31:57 Elite Skirmisher
41:02 Chain Mail Armor
46:19 Imperial Age
45:52 Forging
48:06 Chemistry
47:26 Leather Archer Armor
joeulyatt1
9:42 Loom
12:31 Feudal Age
13:47 Double-Bit Axe
18:57 Horse Collar
27:26 Castle Age
28:35 Bow Saw
29:10 Wheelbarrow
29:10 Heavy Plow
36:40 Scale Barding Armor
37:27 Forging
37:49 Husbandry
39:06 Chain Barding Armor
40:42 Town Watch
43:49 Bloodlines
45:07 Iron Casting
Sofia
4:55 Loom
12:03 Feudal Age
19:52 Castle Age
19:18 Bloodlines
19:18 Double-Bit Axe
21:04 Horse Collar
22:11 Fletching
23:24 Thumb Ring
24:01 Padded Archer Armor
24:23 Town Watch
25:53 Wheelbarrow
27:51 Stone Mining
27:52 Gold Mining
28:48 Ballistics
28:24 Elite Skirmisher
31:43 Murder Holes
34:53 Scale Barding Armor
34:58 Forging
38:03 Husbandry
38:24 Chain Barding Armor
38:39 Iron Casting
41:15 Imperial Age
41:17 Gold Shaft Mining
41:17 Hand Cart
41:14 Bow Saw
41:07 Heavy Plow
41:04 Bodkin Arrow
41:24 Leather Archer Armor
42:21 Conscription
43:17 Town Patrol
42:47 Cavalier
44:12 Parthian Tactics
43:24 Light Cavalry
45:49 Capped Ram
FGHJ
6:38 Loom
14:27 Feudal Age
15:13 Double-Bit Axe
16:52 Horse Collar
21:58 Gold Mining
25:59 Castle Age
27:20 Scale Barding Armor
27:55 Wheelbarrow
27:22 Husbandry
27:35 Bloodlines
31:42 Chain Barding Armor
38:48 Imperial Age
36:59 Bow Saw
38:22 Gold Shaft Mining
38:55 Scale Mail Armor
38:59 Cavalier
40:09 Conscription
40:17 Town Watch
40:47 Hand Cart
41:45 Two-Man Saw
40:22 Elite Magyar Huszar
41:04 Light Cavalry
43:50 Plate Barding Armor
43:29 Hussar
44:13 Corvinian Army
44:54 Heavy Plow
Connection lost

Rejoining the realm…

Still unreachable

The connection could not be restored.

Session expired

The server has moved on; the page needs a fresh start.